[Event "Teplice Open 2022"]
[Site "Teplice"]
[Date "2022.06.23"]
[Round "6.10"]
[White "Kraus, Tomas"]
[Black "Sanal, Vahap"]
[Result "1/2-1/2"]
[ECO "C47"]
[WhiteElo "2472"]
[BlackElo "2575"]
[Annotator "TA"]
[PlyCount "91"]
[EventDate "2022.06.18"]
[EventType "swiss"]
[EventCountry "CZE"]
[SourceTitle "playchess.com"]
[Source "ChessBase"]
[SourceQuality "1"]
[TimeControl "40/5400+30:1800+30"]

1. e4 e5 2. Nf3 Nc6 3. Nc3 Nf6 4. d4 exd4 5. Nxd4 Bb4 6. Nxc6 bxc6 7. Bd3 d5 8. Bd2 O-O 9. O-O Rb8 {[%emt 0:00:41] C47: Scotch Four Knights and Four Knights with 4 g3.} 10. Re1 Ng4 {[%emt 0:01:48] 10...Bg4 is a critical line.} 11. h3 Ne5 12. Bf4 Bd6 13. Bxe5 Bxe5 14. exd5 Bxc3 15. bxc3 cxd5 {[%emt 0:00:29] [#]} 16. Qe2 $146 ({Predecessor:} 16. Qf3 Qg5 17. Re2 Rb6 18. Rae1 Rf6 19. Qe3 Qxe3 20. Rxe3 Rc6 21. Re5 Rxc3 22. Rxd5 {½-½ (32) Sebag,M (2476)-Khotenashvili,B (2491) Saint Louis 2019}) 16... Rb6 17. Qe3 Qd6 18. a4 $40 {[%emt 0:03:46][%mdl 128] Black needs to defend precisely.} a5 19. c4 dxc4 20. Bxc4 Bb7 (20... Qb4 $14 21. Qb3 g6) 21. Bb3 $16 c5 (21... Qg6 $142 22. f3 Rd6) 22. Rad1 $1 Qg6 (22... Qb8 $16 {might work better.}) 23. f3 $18 {[%emt 0:02:02][%cal Od1d8] aiming for Rd8!} Rd6 {[%emt 0:07:06] [#] Against Rd8} 24. Kh1 (24. Kh2 $1 $18 {and White stays clearly on top.}) 24... Rxd1 $16 25. Rxd1 {[%emt 0:00:23][%cal Be1d1,Bd1d7,Bd7b7,Bb7a7][%mdl 32] Threatens to win with Qe7.} c4 {[%emt 0:11:45] [#]} (25... Qf5 $16 {was called for.}) 26. Bxc4 (26. Qe7 $1 $18 {White wants to mate with Rd8.} Qe6 27. Qxe6 (27. Qxb7 cxb3 28. cxb3 g6 $16) 27... fxe6 28. Bxc4) 26... Qxc2 {[%emt 0:00:05] [#]} 27. Bxf7+ $1 Kxf7 (27... Rxf7 $2 {leads to mate.} 28. Rd8+ Rf8 29. Qe6+ Kh8 30. Rxf8#) 28. Rd7+ Kg8 {[%emt 0:00:17] ...Bc6 is the strong threat.} 29. Rxb7 {[%emt 0:16:34][%mdl 4096] Endgame KQR-KQR} Qd1+ 30. Kh2 {[%emt 0:00:04] Qe5 would kill now.} Qxa4 31. Qe6+ Kh8 32. Qe5 Rg8 33. f4 ({Better is} 33. Rb5 $16) 33... Qc6 34. Ra7 h6 ({Not} 34... a4 35. Qa1 $16) 35. f5 a4 36. Qd4 (36. Re7 $5 Qc2 37. Re6 $16) 36... Qb5 37. f6 Qb8+ 38. g3 Qb1 39. fxg7+ Kh7 40. h4 {[%emt 0:01:39] Active counter play!} Qc2+ {[%emt 0:02:09] The position is equal.} 41. Kh3 Qf5+ 42. Kg2 Qc2+ 43. Qf2 Qe4+ 44. Qf3 Qc2+ 45. Qf2 Qe4+ 46. Qf3 {[%emt 0:00:50] White really could win this.  Weighted Error Value: White=0.10 (very precise) /Black=0.12 (very precise)} 1/2-1/2

[Event "Teplice Open 2022"]
[Site "Teplice"]
[Date "2022.06.23"]
[Round "6.11"]
[White "Moksh Amit Doshi"]
[Black "Laurusas, Tomas"]
[Result "0-1"]
[ECO "D13"]
[WhiteElo "2398"]
[BlackElo "2567"]
[Annotator "TA"]
[PlyCount "76"]
[EventDate "2022.06.18"]
[EventType "swiss"]
[EventCountry "CZE"]
[SourceTitle "playchess.com"]
[Source "ChessBase"]
[SourceQuality "1"]
[TimeControl "40/5400+30:1800+30"]

1. d4 d5 2. c4 c6 3. Nf3 Nf6 4. cxd5 cxd5 5. Nc3 Nc6 6. Bf4 Qb6 7. Qb3 Qxb3 {[%emt 0:11:37] D13: Slav Defence: Exchange variation without ...Bf5.} 8. axb3 e6 9. e3 {[%emt 0:05:14] [#]} Nh5 $146 {[%emt 0:03:13] The position is equal.} ({Predecessor:} 9... Bd7 10. Bd3 Bb4 11. Ke2 O-O 12. Rhc1 Rfc8 13. Nb5 Ne8 14. Ne5 Nxe5 15. Bxe5 a6 {1-0 (74) Le,T (2514)-Dubov,D (2710) Chess.com INT 2021}) 10. Bc7 Bd7 11. h3 Rc8 12. Bh2 Nf6 13. Bb5 a6 14. Bxc6 Bxc6 15. Ne5 Bb4 16. f3 Nd7 17. Nd3 Be7 18. Kd2 f6 19. Na4 Kf7 20. Rac1 Bb5 21. Nc3 Bc6 (21... Bxd3 $5 22. Kxd3 h5 $11) 22. Na4 Rhe8 23. Rc2 Bf8 24. Ndc5 Nxc5 25. Nxc5 e5 26. Rhc1 exd4 27. exd4 a5 (27... g6 $5 28. Nd3 Be7 $17) 28. Ra1 Ra8 29. b4 {[%emt 0:03:05] [#]} (29. Bc7 $11 {keeps the balance.}) 29... b6 ({Reject} 29... axb4 $6 30. Rxa8 Rxa8 31. Nxb7 $11) (29... a4 $1 $17 30. Nd3 Kg8) 30. Nd3 $11 Bb5 31. bxa5 bxa5 32. Bc7 (32. b3 $11) 32... a4 $17 33. Bb6 g6 {[%emt 0:00:20] White must now prevent ...Re6.} 34. f4 (34. Rc7+ $17 {is a better defense.} Kg8 35. Bc5) 34... Re4 $19 {[%emt 0:00:53] And now ...Rae8 would win.} 35. Rf1 $2 (35. Rc7+ Kg8 36. Bc5) 35... Bb4+ {[%emt 0:00:26] Black is clearly winning.} 36. Nxb4 {[%emt 0:00:25] Threatens to win with Rc7+.} Re2+ (36... Bxf1 $2 {too greedy.} 37. Rc7+ Re7 38. Rxe7+ Kxe7 39. Nxd5+ Kf7 40. Bc5 $19) 37. Kd1 Rxc2 {[%emt 0:00:02][%mdl 64] [#] Discovered Attack} 38. Re1 (38. Nxc2 $142 Bxf1 39. Ne3) 38... Rxb2 {[%emt 0:00:18] Weighted Error Value: White=0.36/Black=0.09 (flawless)} 0-1

[Event "Teplice Open 2022"]
[Site "Teplice"]
[Date "2022.06.23"]
[Round "6.12"]
[White "Stocek, Jiri"]
[Black "Sokolovsky, Yahli"]
[Result "1/2-1/2"]
[ECO "D23"]
[WhiteElo "2533"]
[BlackElo "2369"]
[Annotator "TA"]
[PlyCount "60"]
[EventDate "2022.06.18"]
[EventType "swiss"]
[EventCountry "CZE"]
[SourceTitle "playchess.com"]
[Source "ChessBase"]
[SourceQuality "1"]
[TimeControl "40/5400+30:1800+30"]

1. d4 {[%emt 0:00:38] RR} d5 2. Nf3 Nf6 3. c4 c6 4. Qb3 dxc4 5. Qxc4 Bf5 6. g3 e6 7. Bg2 Be7 8. O-O {[%emt 0:00:18] D23: Queen's Gambit Accepted: 3 Nf3 Nf6 sidelines.} O-O 9. Rd1 Nbd7 10. e3 Qb6 11. Qe2 Ne4 12. Nfd2 Nxd2 (12... Nef6 {keeps more tension.} 13. e4 Bg4 14. f3 Qxd4+ 15. Kh1 Ne5) 13. Nxd2 {[%emt 0:03:05] [#]} Bg6 $146 ({Predecessor:} 13... c5 14. dxc5 Nxc5 15. e4 Bg6 16. Nc4 Qa6 17. Bf4 Rfd8 18. b3 Bf6 19. e5 Be7 {½-½ (49) Matlakov,M (2632)-Andriasian,Z (2619) Magnitogorsk 2011 CBM 146 [RR]}) 14. e4 Rad8 (14... Qxd4 $2 15. Nb3 Bh5 16. Qxh5 $18) 15. Nc4 Qa6 16. Bf4 {[%emt 0:01:22] Inhibits e5.} Nb6 17. b3 c5 18. h4 {[%emt 0:02:37][%cal Bh2h4,Bh4h5][%mdl 32] [#] And now h5 would win.} h6 ({Much less strong is} 18... Rxd4 19. h5 $16) 19. h5 Bh7 20. d5 exd5 21. exd5 Bf6 22. Rac1 Rfe8 (22... Bd4 $1 $11) 23. Qd2 $16 {[%emt 0:08:02] White is more active.} Bd4 24. Ne3 ({Only move:} 24. Bc7 $16) 24... Be4 {[%emt 0:01:13] [#]} (24... Nd7 $11 {remains equal.}) 25. Bf1 $1 $36 {[%emt 0:03:28][%mdl 2048] Black is under pressure.} Qa3 26. d6 (26. Bb5 $14) 26... Be5 ({Better is} 26... Bb2 $11) 27. Bxe5 $14 Rxe5 28. Qe2 {[%emt 0:07:16] Against Bf3} Bc6 {[%emt 0:02:32] The position is equal.} 29. Qg4 {[%emt 0:01:38] aiming for Nf5.} Rg5 30. Qf4 Qxa2 {[%emt 0:02:00] Weighted Error Value: White=0.12 (very precise) /Black=0.20 (precise)} 1/2-1/2

[Event "Teplice Open 2022"]
[Site "Teplice"]
[Date "2022.06.23"]
[Round "6.13"]
[White "Postny, Evgeny"]
[Black "Stijve, Theo"]
[Result "1-0"]
[ECO "D60"]
[WhiteElo "2563"]
[BlackElo "2341"]
[Annotator "TA"]
[PlyCount "137"]
[EventDate "2022.06.18"]
[EventType "swiss"]
[EventCountry "CZE"]
[SourceTitle "playchess.com"]
[Source "ChessBase"]
[SourceQuality "1"]
[TimeControl "40/5400+30:1800+30"]

1. d4 d5 2. c4 e6 3. Nc3 Nf6 4. Bg5 Be7 5. e3 O-O 6. Nf3 Nbd7 7. cxd5 Nxd5 8. Bxe7 Qxe7 9. Bd3 c5 10. Nxd5 exd5 11. dxc5 {[%emt 0:09:52] D60: Queen's Gambit Declined: Classical: Unusual White 7th moves.} Nxc5 12. Be2 $5 {[%emt 0:00:30][%mdl 4] [#] Exploring less charted territory.} Bf5 $146 ({Predecessor:} 12... Be6 13. O-O Rac8 14. Rc1 Rc7 15. Nd4 a6 16. Bf3 Rfc8 17. a3 h6 18. Rc3 b5 {1-0 (49) Riek,J-Carnemolla,G (1930) ICCF email 2017}) 13. O-O {[%emt 0:05:31] White has an edge.} Be4 14. Qd2 Ne6 15. Rfd1 Rfd8 16. Nd4 Qg5 {[%emt 0:03:09][%csl Ge4][%cal Rg5g2] [#]} 17. Bf1 Rd6 18. Rac1 h5 19. g3 h4 20. Bg2 hxg3 21. hxg3 Re8 22. Qe2 Qg6 23. Qb5 Re7 24. Nxe6 Qxe6 25. Rd4 Rb6 26. Qe2 Rc6 27. Rxc6 Qxc6 28. Qd1 Bxg2 29. Kxg2 $14 {[%emt 0:00:05][%mdl 4096] Endgame KQR-KQR} Re4 30. Qd3 (30. Rxd5 $16 {Rd6 is the strong threat.} Re5 31. e4 Rxe4 32. Rd6) 30... Rxd4 $11 31. Qxd4 {[%emt 0:00:06] KQ-KQ} a6 32. a4 a5 33. g4 b5 34. b3 bxa4 35. bxa4 g6 36. Kg3 Qc7+ 37. Qf4 Qc6 38. Qb8+ Kg7 39. Qb2+ Kg8 40. Qb5 Qd6+ 41. Kf3 Qf6+ 42. Kg2 d4 43. Qxa5 d3 (43... Qc6+ $11 44. Kg3 dxe3) 44. Qd5 $14 Qc3 45. a5 d2 46. a6 $1 {[%emt 0:00:00] a7 would kill now.} Qb4 47. Kg3 {[%emt 0:00:00] White wants to mate with a7.} Qb8+ 48. Kh3 Qa7 49. Qxd2 {[%emt 0:00:00] Black must now prevent Qd8+. White is more active.} Qxa6 50. Qd8+ Kg7 51. Qd4+ Kg8 52. Kg2 Qe2 53. Qe4 Qe1 54. Qe8+ Kg7 55. Qe5+ Kg8 56. Qb2 Qd1 57. Qd4 ({White should try} 57. Qb8+ $14 Kg7 58. Qe5+ Kf8 59. Qd4) 57... Qe1 (57... Qe2 $11) 58. e4 Qe2 59. Kg3 Qe1 60. e5 Kh7 61. Kf4 Kh6 62. Qe3 {[%emt 0:00:00] Prevents Qc1.} Qh1 63. e6 g5+ $2 {[%emt 0:00:41][%mdl 8192] [#] A mistake that costs the game.} (63... fxe6 $14 64. Kg3+ (64. Qxe6 Qh2+ 65. Kf3 Qh1+ 66. Kf4 Qh2+ 67. Kf3 Qh1+ 68. Ke2 Kg5 $11) 64... Kh7) 64. Kf5 $1 {[%emt 0:01:59] White mates.} Qb1+ 65. Kf6 Qg6+ 66. Ke7 f5 67. Qh3+ Kg7 68. Qc3+ Kg8 69. Qf6 {[%emt 0:00:07] Weighted Error Value: White=0.09 (flawless) /Black=0.10 (very precise)} 1-0

[Event "Teplice Open 2022"]
[Site "Teplice"]
[Date "2022.06.23"]
[Round "6.14"]
[White "Straka, Jozef"]
[Black "Kozak, Adam"]
[Result "0-1"]
[ECO "D44"]
[WhiteElo "2341"]
[BlackElo "2532"]
[Annotator "TA"]
[PlyCount "112"]
[EventDate "2022.06.18"]
[EventType "swiss"]
[EventCountry "CZE"]
[SourceTitle "playchess.com"]
[Source "ChessBase"]
[SourceQuality "1"]
[TimeControl "40/5400+30:1800+30"]

1. d4 d5 2. c4 c6 3. Nf3 Nf6 4. Nc3 e6 5. Bg5 dxc4 6. e4 b5 7. e5 h6 8. Bh4 g5 9. Nxg5 hxg5 10. Bxg5 Nbd7 11. g3 Bb7 12. Bg2 Qb6 13. exf6 O-O-O 14. O-O c5 15. d5 b4 16. Na4 Qa6 17. a3 Bxd5 18. Bxd5 Ne5 $1 {[%emt 0:00:16] D44: Semi-Slav: Botvinnik System.} 19. Qe2 Rxd5 20. axb4 cxb4 {[%emt 0:00:20] [#] The position is equal.} 21. Nc3 $1 Qc6 (21... Qd6 22. Nxd5) 22. Nxd5 (22. Bf4 $5 bxc3 23. Bxe5 $16) 22... Qxd5 23. f3 $1 Bc5+ 24. Be3 {[%emt 0:02:04] Black should prevent Bxc5.} Nd3 25. Bxc5 Qxc5+ 26. Kh1 Rd8 27. Qc2 {[%emt 0:11:39] [#]} ({Better is} 27. Ra6 $11) 27... Kb8 $146 (27... a5 $1 $15) ({Predecessor:} 27... Kb7 28. Kg2 a5 29. Rfd1 Qe3 30. Rxd3 cxd3 31. Qf2 Qe5 32. f4 Qb5 33. Qf3+ Kb8 {½-½ (40) Butenandt,S (1986)-Brunner,S (1850) Willingen 2020}) 28. Rad1 (28. Ra6 $1 $14) 28... Qd4 29. Rd2 b3 30. Qd1 Qxf6 31. Qe2 (31. Qa1 $1 $11) 31... Qd4 (31... Qg5 $17) 32. Qe4 (32. h4 $1 $11) 32... Qc5 ({Black should try} 32... Kc7 $17) 33. Ra1 $2 (33. h4 $11 {and White stays safe.}) 33... Rd5 $2 (33... Nf2+ $1 $19 34. Rxf2 Qxf2 35. Qf4+ Ka8 36. Qxc4 (36. Qe4+ Rd5 $17) 36... Qxf3+ 37. Kg1 Qb7) 34. Qh7 $15 Rd7 $1 $36 {[%emt 0:02:01][%mdl 3072] Black has compensation. Black has the initiative.} 35. Qh8+ Kb7 {[%emt 0:00:54][%cal Bb8b7,Bb7b6,Bb6b5][%mdl 32] ...Nf2+ is the strong threat.} 36. Qc3 (36. Qe8 $11 Qc6 37. h4) 36... Qd5 $17 37. Rf1 Kb6 38. Re2 $2 (38. Qh8 $17 {is tougher.}) 38... Qd4 $1 $19 39. Qd2 Qc5 $2 (39... a5 $19 40. Kg2 (40. Ra1 $2 Nf2+ 41. Rxf2 Qxd2 $19) 40... Qxb2 $1 41. Qxb2 Nxb2 42. Rxb2 a4) 40. Re4 $2 (40. Qc3 $1 $11 {and White is okay.}) 40... a5 $1 41. Kg2 Kb5 42. Rc1 $2 (42. Ra1 Qb4 43. Qe3 a4 $17) (42. Qe2) 42... Rd4 {[%emt 0:02:05] White must now prevent ...Rxe4.} 43. Ra1 a4 {[%emt 0:01:00] Hoping for ...Rxe4. Active counter play!} (43... c3 44. bxc3 Rxe4 45. c4+ (45. fxe4 $2 Qc4 $19) (45. Qxd3+ Rc4 $17) 45... Kxc4 46. Ra4+ Nb4 47. Qc1+ (47. fxe4 $2 Qd4 $19) 47... Kd4 48. Qd2+ Ke5 49. Qg5+ (49. fxe4 $2 Qc2 $19) 49... f5 50. fxe4 Kxe4 51. Qf4+ Kd3 52. Qf3+ Kc4 53. Qf1+ Kc3 54. Qe1+ (54. Qc1+ $2 Nc2 $19) 54... Kb2 55. Kh3 $19 (55. Qa1+ $2 Kc2 $19)) 44. Qe3 e5 {[%emt 0:02:05] aiming for ...f5.} 45. h4 f5 ({Inferior is} 45... Rxe4 46. Qxe4 Nxb2 47. h5 $17 (47. Qb7+ $2 Qb6 $19)) 46. Rxd4 Qxd4 (46... Nxb2 $2 47. h5 exd4 48. Qe8+ Kb4 49. h6 $18) 47. Qe2 Qxb2 48. Qxb2 Nxb2 {[%emt 0:00:05][%mdl 4096] Endgame KR-KN} 49. h5 Nd3 {[%emt 0:00:26] Strongly threatening ...b2.} 50. h6 b2 51. Rd1 {[%emt 0:06:56] [#]} a3 $2 (51... c3 $1 $19 {And now ...c2 would win.} 52. h7 c2 53. Rxd3 c1=Q) 52. h7 $11 a2 {[%emt 0:00:31] Dancing on a razor blade.} (52... Kb4 $5 53. h8=Q a2 $11) 53. h8=Q a1=Q 54. Qh1 (54. Qb8+ $11 Kc5 55. Rxd3 cxd3 56. Qxe5+ Kc4 57. Qc7+ Kd5 58. Qd8+ Kc5 59. Qc7+ Kd4 60. Qb6+ Kc3 61. Qc5+ Kb3 62. Qb5+ Ka3 63. Qxd3+ Ka2 64. Qd5+ Kb1 65. Qd1+ Ka2 66. Qd5+ (66. Qa4+ Kb1 $11) 66... Kb1 67. Qd1+ Ka2 68. Qd5+ (68. Qa4+ Kb1 $11)) 54... Qa2 55. Rb1 Qb3 (55... c3 $142 56. Qd1 {[#]} Qxb1 $3 57. Qxb1 c2) 56. g4 Qc2+ {[%emt 0:01:01] Weighted Error Value: White=1.18/Black=0.62} 0-1

[Event "Teplice Open 2022"]
[Site "Teplice"]
[Date "2022.06.23"]
[Round "6.15"]
[White "Voege, Tobias"]
[Black "Yankelevich, Lev"]
[Result "0-1"]
[ECO "E11"]
[WhiteElo "2286"]
[BlackElo "2473"]
[Annotator "TA"]
[PlyCount "62"]
[EventDate "2022.06.18"]
[EventType "swiss"]
[EventCountry "CZE"]
[SourceTitle "playchess.com"]
[Source "ChessBase"]
[SourceQuality "1"]
[TimeControl "40/5400+30:1800+30"]

1. d4 Nf6 2. c4 e6 3. Nf3 Bb4+ 4. Nbd2 O-O 5. g3 d5 6. Bg2 b6 7. a3 Be7 8. b4 {[%emt 0:10:35] [#] E11: Bogo-Indian.} a5 $146 ({Predecessor:} 8... Bb7 9. c5 a5 10. Bb2 axb4 11. axb4 Rxa1 12. Bxa1 Ba6 13. O-O Bb5 14. Nb1 Qc8 15. Nc3 Qa6 {½-½ (40) Nakamura,H (2707)-Sharavdorj,D (2529) Las Vegas 2006}) 9. Rb1 axb4 10. axb4 {[%emt 0:00:08] The position is equal.} dxc4 11. Ne5 (11. Nxc4 $11 Bb7 12. O-O) 11... Nd5 $1 $17 {[%emt 0:11:15] aiming for ...Bb7.} 12. Ndxc4 b5 ({Better is} 12... Bb7 $1 $17 {Strongly threatening ...Nc3.} 13. Qb3 Bxb4+ 14. Bd2 Bxd2+ 15. Nxd2 Nd7) 13. Ne3 Bb7 $1 {[%emt 0:01:56][%cal Bc8b7,Bb7d5,Bd5a2,Ba2c4][%mdl 32] And now ...Nxe3 would win.} 14. Nxd5 Bxd5 15. e4 {[%emt 0:13:22] [#] Black continues to play with concentration.} (15. Bxd5 $15 Qxd5 16. O-O) 15... Ba2 $1 16. Rb2 {[%emt 0:00:55] [#]} f6 $1 17. Nf3 Nc6 $36 {[%emt 0:07:26][%mdl 2048] White must now prevent ...Bc4. Black is on the roll.} 18. O-O (18. Bf1 $142) 18... Bc4 ({Much weaker is} 18... Bxb4 $6 19. Rxa2 (19. Bd2 Be7 $17) 19... Rxa2 20. Qb3 $11) 19. Re1 (19. d5 $17 {might work better.} exd5 20. exd5 Nxb4 21. Nd4) 19... Bxb4 $19 ({Inferior is} 19... Nxb4 20. Bf1 $17) 20. Re3 (20. Bd2 {is the only way for White.} Ba3 21. Rb1) 20... Ra1 21. d5 exd5 22. exd5 Qxd5 23. Nd2 Qd6 24. Bxc6 {[%emt 0:02:06][%cal Ob2b4] Rxb4! is the strong threat.} Bxd2 ({Weaker is} 24... Qxc6 25. Rxb4 Rd8 26. Rb2 $16) 25. Rxd2 Qxc6 26. Rd8 (26. Re7 $142) 26... Rxd8 27. Qxd8+ Kf7 28. Re7+ $2 (28. Qe7+ Kg6 29. Re1) 28... Kg6 29. Re1 Bd5 30. Qc8 Be6 (30... Rxc1 $142 31. Qg4+ Kf7 32. Qh5+ Kg8) 31. Bh6 Rxe1# {[%emt 0:00:09] Weighted Error Value: White=1.11/Black=0.29 (precise)} 0-1

[Event "Teplice Open 2022"]
[Site "Teplice"]
[Date "2022.06.23"]
[Round "6.16"]
[White "Raja Harshit"]
[Black "Levin, Guy"]
[Result "1/2-1/2"]
[ECO "B31"]
[WhiteElo "2479"]
[BlackElo "2351"]
[Annotator "TA"]
[PlyCount "61"]
[EventDate "2022.06.18"]
[EventType "swiss"]
[EventCountry "CZE"]
[SourceTitle "playchess.com"]
[Source "ChessBase"]
[SourceQuality "1"]
[TimeControl "40/5400+30:1800+30"]

1. e4 c5 2. Nf3 Nc6 3. Bb5 g6 4. O-O Bg7 5. Re1 e5 6. Bxc6 dxc6 7. a4 {[%emt 0:01:02] B31: Sicilian: 2...Nc6 3 Bb5 g6.} a5 8. Na3 Qc7 9. d3 Ne7 10. Nc4 Be6 ({Don't take} 10... b5 11. Ncd2 $16) 11. Ng5 {[%emt 0:02:41] Pair of Knights!} Bd7 {[%emt 0:10:23] [#]} 12. f4 $146 {[%emt 0:08:29] White is more active.} (12. Be3 $14) ({Predecessor:} 12. Be3 b6 13. c3 h6 14. Nf3 Be6 15. Na3 Rd8 16. Qc2 O-O 17. Nc4 {1-0 (33) Iounoussov,M (2065)-Ayad,A (1730) Goch 2003}) 12... h6 $15 13. Nh3 (13. Nf3 $15) 13... Bxh3 $17 14. gxh3 exf4 15. Qg4 g5 16. h4 (16. Bd2 $17 {was called for.}) 16... b5 $19 17. Nd2 (17. Na3 $142) 17... Qd7 18. Qxd7+ Kxd7 19. Nb3 c4 20. dxc4 bxc4 21. Nd2 c3 22. bxc3 Bxc3 23. Ra3 Bb4 24. Rd3+ {[%emt 0:02:28] [#]} Ke6 $1 {[%emt 0:01:58] White must now prevent ...Ng6.} 25. Rd1 Rhd8 ({Not} 25... gxh4 26. Nf3 $15) 26. Nb3 $2 (26. Nf3 $17 {is a better defense.} Rxd3 27. cxd3) 26... Rxd3 27. Rxd3 f5 $2 (27... c5 $19 {Hoping for ...c4.} 28. Bb2 c4 29. Nd4+ Ke5 30. Nb5+ Kxe4) 28. Nd4+ $17 Kf6 29. e5+ {[%emt 0:05:05][%mdl 64] [#] Decoy} Kxe5 (29... Kf7 $17 {Strongly threatening ...c5.} 30. Bb2 Bc5) 30. Nf3+ $15 Kf6 {[%emt 0:01:57] aiming for ...Bc5+.} 31. hxg5+ {[%emt 0:00:30] Weighted Error Value: White=0.32/Black=0.24 (precise)} 1/2-1/2

[Event "Teplice Open 2022"]
[Site "Teplice"]
[Date "2022.06.23"]
[Round "6.17"]
[White "Seo, Jung Min"]
[Black "Mica, Marek"]
[Result "1-0"]
[ECO "D36"]
[WhiteElo "2483"]
[BlackElo "2346"]
[Annotator "TA"]
[PlyCount "99"]
[EventDate "2022.06.18"]
[EventType "swiss"]
[EventCountry "CZE"]
[SourceTitle "playchess.com"]
[Source "ChessBase"]
[SourceQuality "1"]
[TimeControl "40/5400+30:1800+30"]

1. c4 e6 2. Nc3 d5 3. d4 Nf6 4. cxd5 exd5 5. Bg5 c6 6. e3 Nbd7 7. Bd3 Be7 8. Qc2 h6 9. Bh4 O-O 10. Nf3 Re8 11. O-O Nh5 12. Bxe7 Qxe7 13. Rfe1 {[%emt 0:02:08] D36: Queen's Gambit Declined: Exchange Variation: Main line (5 Bg5 c6 6 Qc2).} Nhf6 14. Rab1 a5 15. a3 {[%emt 0:02:10] White has an edge.} Qd6 {[%emt 0:03:02] [#]} 16. h3 $146 ({Predecessor:} 16. b4 axb4 17. axb4 b5 18. e4 dxe4 19. Nxe4 Nxe4 20. Bxe4 Nf6 21. Qxc6 Qxc6 22. Bxc6 Rxe1+ 23. Rxe1 {0-1 (59) Odabasi,N (1536)-Subasi,Z (1723) Manavgat 2016}) 16... b6 17. b4 axb4 18. axb4 Bb7 19. Rec1 b5 20. Ne2 Ra4 21. Qc3 Rea8 22. Ng3 Ra3 23. Qc2 Ra2 24. Rb2 Rxb2 25. Qxb2 Nb6 26. Ra1 Rxa1+ 27. Qxa1 Na4 28. Qa3 Nd7 29. e4 dxe4 $1 30. Nxe4 Qe7 31. Nc5 Ndb6 (31... Naxc5 $14 32. bxc5 Nf6) 32. Nxb7 (32. Ne5 $16) 32... Qxb7 $11 33. Ne5 Nd5 34. Be4 Nac3 {[%emt 0:01:12] Pair of Knights!} 35. Bf3 Kh7 (35... f6 $11 36. Ng6 Qb8) 36. Qc1 g6 37. Qc2 {[%emt 0:00:24] Inhibits Na2.} Qe7 ({Black should try} 37... Qa7 $14) 38. Bxd5 $18 ({Stronger than} 38. Nxc6 Qe1+ 39. Kh2 Nf4 $11) 38... Nxd5 39. Qxc6 Nxb4 40. Qxb5 {[%emt 0:00:03][%cal Oe5f7][%mdl 4096] Endgame KQN-KQN. White is more active.} f6 {[%emt 0:00:40] [#]} (40... Kg7 $142 41. Qc4 f6) 41. Ng4 $1 Kg7 42. Ne3 f5 (42... h5 {was worth a try.} 43. d5 Qd6) 43. g3 h5 44. h4 Kh7 45. Kf1 (45. d5 $142) 45... Qd6 {[%emt 0:02:14] [#] Against Qb6} (45... Kg7 46. Kg1 Kh7) 46. Nc4 Qxd4 47. Qxb4 f4 48. Qe7+ {[%emt 0:00:00] White mates.} Kg8 49. Qe6+ Kf8 50. Qd6+ {[%emt 0:00:00] Weighted Error Value: White=0.11 (very precise) /Black=0.41} (50. Ne5 $142 Qa1+ 51. Kg2 f3+ 52. Kh2 Qxe5 53. Qxe5 Kf7 54. g4 Kf8 55. Qc7) 1-0

[Event "Teplice Open 2022"]
[Site "Teplice"]
[Date "2022.06.23"]
[Round "6.19"]
[White "Eidelman, Gabriel"]
[Black "Vlasak, Lukas"]
[Result "0-1"]
[ECO "D30"]
[WhiteElo "2122"]
[BlackElo "2437"]
[Annotator "TA"]
[PlyCount "74"]
[EventDate "2022.06.18"]
[EventType "swiss"]
[EventCountry "CZE"]
[SourceTitle "playchess.com"]
[Source "ChessBase"]
[SourceQuality "1"]
[TimeControl "40/5400+30:1800+30"]

1. d4 d5 2. c4 c6 3. Nf3 Nf6 4. e3 e6 5. b3 Ne4 6. Bd3 {[%emt 0:01:05] D30: Queen's Gambit Declined: Systems without Nc3.} Bb4+ {[%emt 0:01:21] 6...Bd6 is not played anymore.} 7. Nbd2 f5 8. O-O {[%emt 0:01:23] White is slightly better.} (8. Ne5 $5 O-O 9. O-O $14) 8... Nd7 9. Qc2 O-O 10. a3 Bd6 11. Bb2 Qf6 {[%emt 0:01:40] [#]} 12. g3 $146 ({Predecessor:} 12. b4 g5 13. g3 g4 14. Nh4 Qh6 15. b5 Be7 16. Ng2 Ndf6 17. bxc6 bxc6 18. cxd5 cxd5 19. Nxe4 Nxe4 20. Bxe4 fxe4 {1-0 (52) Carrasco Miranda,A (2285)-Ljukin,S (2362) Chess.com INT 2021}) 12... Qh6 13. Ne5 Ndf6 14. Ndf3 Bd7 15. Nxd7 Nxd7 16. Ne5 Rad8 17. b4 (17. Rad1 $11) 17... Ndf6 $1 $15 {[%emt 0:08:13][%cal Bd7f6,Bf6e4,Be4g5,Bg5f7,Bf7h6,Bh6f5,Bf5g3][%mdl 32] And now ...Bxe5 would win.} 18. Bc1 Bxe5 19. dxe5 dxc4 {[%emt 0:00:07] 0x0.001e68307de1dp-1022s more active pieces. The white rooks are badly placed.} (19... Ng4 $17 20. f3 Nxe5 $1) 20. Bxe4 (20. Bxc4 $2 Ng4 21. h4 (21. f3 $2 Rd2 $19) 21... g5 $19) 20... Nxe4 21. f3 Ng5 {[%emt 0:00:13] ...Qh5 is the strong threat.} 22. Qxc4 Nf7 23. f4 Rd5 24. e4 (24. Rf2 $11) 24... fxe4 25. Qxe4 {[%emt 0:00:27] [#]} Qh5 {[%emt 0:00:40] Inhibits Qe2.} (25... Nxe5 $1 $17 26. Re1 (26. fxe5 Rxf1+ 27. Kxf1 Qh3+ 28. Ke1 Qxh2 $19) (26. Be3 Ng4) 26... Ng4) 26. Be3 $11 a6 27. Kg2 Nh6 28. h3 {[%emt 0:00:14] Against Ng4} Nf5 {[%emt 0:00:50] Strongly threatening ...Qg6.} 29. g4 Qg6 $36 {[%emt 0:00:06][%mdl 2048] Threatens to win with ...Nh4+. Black fights for an advantage.} 30. Kh2 $2 {[%emt 0:00:57][%mdl 8192] Loses the game.} ({White has to play} 30. Kf2 $15 Nxe3 31. Qxg6 hxg6 32. Kxe3) 30... Ng3 $1 $19 31. f5 (31. Qc4 $142 Nxf1+ 32. Rxf1) 31... exf5 {[%emt 0:02:18] Black is clearly winning.} ({Inferior is} 31... Nxe4 32. fxg6 hxg6 33. Rxf8+ Kxf8 34. Re1 $17) 32. gxf5 (32. Qf4 $142 Nxf1+ 33. Rxf1) 32... Rxf5 ({And not} 32... Nxe4 33. fxg6 hxg6 34. Rxf8+ Kxf8 35. Rg1 $17) ({But not} 32... Nxf5 $2 33. Qf4 $19) 33. Qc4 Nxf1+ 34. Rxf1 Rxf1 35. Qxf1 Qe4 36. Bc5 Qxe5+ 37. Kg1 h6 {[%emt 0:00:10] Weighted Error Value: White=0.70/Black=0.30} 0-1